 Dungeon Crawl Stone Soup version 0.28-a0-1565-g95a8017c83 (webtiles) character file.

Game seed: 3712412257535047131

140 kae the Ruffian (level 5, -3/41 HPs)
             Began as a Draconian Transmuter on Jan 19, 2022.
             Killed from afar by an orc wizard (5 damage)
             ... with a magic dart
             ... on level 3 of the Dungeon.
             The game lasted 00:02:11 (2433 turns).

kae the Ruffian (Draconian Transmuter)              Turns: 2433, Time: 00:02:12

Health: -3/41      AC:  7    Str: 16    XL:     5   Next: 2%
Magic:  3/8        EV: 12    Int: 16    God:
Gold:   131        SH:  0    Dex: 15    Spells: 4/8 levels left

rFire   . . .      SeeInvis .     - Unarmed
rCold   + . .      Faith    .   (no shield)
rNeg    . . .      Spirit   .   (armour unavailable)
rPois   .          Reflect  .   (helmet restricted)
rElec   +          Harm     .   e - +0 cloak
rCorr   .          Rampage  .   (no gloves)
Will    .....                   d - +0 pair of boots
Stlth   +.........              (no amulet)
HPRegen 0.13/turn               c - ring of Baostroumm {rElec rC+ Str+4 Dex+4}
MPRegen 0.11/turn               (no ring)

@: hasted, very quick
A: AC +5, unfitting armour, cold-blooded
a: no special abilities


You were on level 3 of the Dungeon.
You visited 1 branch of the dungeon, and saw 3 of its levels.

You collected 131 gold pieces.

Inventory:

Armour
 d - a +0 pair of boots (worn)
 e - a +0 cloak (worn)
Jewellery
 c - the ring of Baostroumm (left hand) {rElec rC+ Str+4 Dex+4}
   (You found it on level 2 of the Dungeon)

   [ring of protection from cold]

   Str:       It affects your strength (+4).
   Dex:       It affects your dexterity (+4).
   rC:        It protects you from cold.
   rElec:     It insulates you from electricity.


   Skills:
 + Level 2.0 Fighting
 + Level 2.2 Dodging
 * Level 3.9 Unarmed Combat
 + Level 2.4 Spellcasting
 * Level 3.2 Transmutations
 * Level 1.1 Poison Magic


You had 4 spell levels left.
You knew the following spells:

 Your Spells              Type           Power      Damage    Failure   Level
a - Beastly Appendage     Tmut           24%        N/A       5%          1
b - Spider Form           Tmut/Pois      8%         N/A       24%         3

Your spell library contained the following spells:

 Spells                   Type           Power      Damage    Failure   Level
 Wereblood                Tmut           12%        N/A       8%          2
 Ice Form                 Ice/Tmut       7%         N/A       71%         4


Dungeon Overview and Level Annotations

Branches:
Dungeon (3/15)

Altars:
The Shining One

Shops:
D:1 (

Annotations:
D:2 1 runed translucent door, Crazy Yiuf


Innate Abilities, Weirdness & Mutations

Your plain brown scales are hard. (AC +5)
You cannot fit into any form of body armour.
You are cold-blooded and may be slowed by cold attacks.


Message History

The orc wizard misses you.
Your magical contamination has completely faded away.
Okay, then.
You're too confused to move!
You feel less confused.
The orc wizard hits you with a +2 mace of protection!
* * * LOW HITPOINT WARNING * * *
You closely miss the orc wizard.
The orc wizard is lightly wounded.
The orc wizard closely misses you.
You feel yourself speed up. The orc wizard barely misses you.
The frilled lizard barely misses you.
You closely miss the orc wizard.
The orc wizard is lightly wounded.
The orc wizard points at you and mumbles some strange words.
The magic dart hits you.
* * * LOW HITPOINT WARNING * * *
The frilled lizard bites you but does no damage.
You hit the orc wizard but do no damage.
The orc wizard is lightly wounded.
You hit the orc wizard. Your punch misses the orc wizard.
The orc wizard is lightly wounded.
The orc wizard gestures at you while chanting.
The magic dart hits you.
* * * LOW HITPOINT WARNING * * *
The frilled lizard barely misses you.
You hit the orc wizard but do no damage.
The orc wizard is lightly wounded.
The orc wizard closely misses you. The frilled lizard barely misses you.
You hit the orc wizard but do no damage.
The orc wizard is lightly wounded.
You barely miss the orc wizard.
The orc wizard is lightly wounded.
The orc wizard gestures at you while chanting.
You resist with some effort. The frilled lizard barely misses you.
You closely miss the orc wizard.
The orc wizard is lightly wounded.
The orc wizard casts a spell at you. The magic dart hits you.
You die...

..........#######.... ..
.................... ..#
.#................# ...#
##................###.).#
#..........†...........#
##......†..).)..........#
............).$.......#.#
.#.....##.......o........
.#.....##.......@l.....#.
.......##........#.....#
#......##........#.......
#........####............
##....... #.......###..
##...... ........# . #
.........# . .......... .


You could see an orc wizard and a frilled lizard.

Vanquished Creatures
  Jessica (D:2)
  An orc wizard (D:2)
  An adder (D:2)
  A worm (D:3)
  A dart slug (D:1)
  10 orcs
  3 bats
  6 endoplasms
  8 hobgoblins
  4 jackals (D:1)
  4 kobolds
  8 ball pythons
  2 frilled lizards
  7 goblins
  2 rats
59 creatures vanquished.

Notes
Turn   | Place    | Note
-------+----------+-------------------------------------------
     0 | D:1      | kae the Draconian Transmuter began the quest for the Orb.
     0 | D:1      | Reached XP level 1. HP: 16/16 MP: 3/3
   146 | D:1      | Found a faded altar of an unknown god.
   292 | D:1      | Reached XP level 2. HP: 22/23 MP: 3/5
   679 | D:1      | Found Xehaoton's Weapon Shoppe.
  1155 | D:2      | Reached XP level 3. HP: 23/28 MP: 4/6
  1265 | D:2      | Noticed Jessica
  1273 | D:2      | Killed Jessica
  1426 | D:2      | Found a runed translucent door.
  1427 | D:2      | Noticed Crazy Yiuf
  1496 | D:2      | Identified the ring of Baostroumm {rElec rC+ Str+4 Dex+4}
  1625 | D:2      | Reached XP level 4. HP: 36/36 MP: 7/7
  1629 | D:2      | Learned a level 3 spell: Spider Form
  2164 | D:3      | Noticed an ice beast
  2271 | D:3      | Found a glowing golden altar of the Shining One.
  2301 | D:3      | Reached skill level 1 in Poison Magic
  2404 | D:3      | Reached XP level 5. HP: 35/41 MP: 6/8
  2429 | D:3      | HP: 2/41 [orc wizard/magic dart (5)]
  2433 | D:3      | Killed from afar by an orc wizard

Illustrated notes

Levels and vault maps discovered:
D:1:      tarquinn_simple_flora_water_a, layout_basic, serial_shops,
          nicolae_shop_window_shopping, shapermc_ecumenical_altar_ellora,
          minmay_crystal_room, chequers_serial_rivers_small_3
D:2:      layout_rooms, minmay_puff, uniq_crazy_yiuf_cottage, uniq_jessica
D:3:      layout_basic, amcnicky_altar_gilded, portal_sewer_entry_b,
          uniq_sigmund

Skill      XL: |  1  2  3  4 |
---------------+-------------+-----
Dodging        | 2 |  2.2
Transmutations | 3 |  3.2
Fighting       | 2 |  2.0
Poison Magic   | 1 |  1.1
Unarmed Combat | |  3.9
Spellcasting   | |  2.4

Action                   |  1- 3 |  4- 6 || total
-------------------------+-------+-------++-------
Melee: Unarmed           |    86 |    64 ||   150
       Kick              |    15 |     2 ||    17
       Headbutt          |    10 |     5 ||    15
       Tailslap          |    11 |     3 ||    14
       Punch             |     3 |       ||     3
 Cast: Beastly Appendage |    16 |    10 ||    26
       Spider Form       |       |     2 ||     2
  Use: Scroll            |     1 |     1 ||     2
       Potion            |     3 |     2 ||     5
 Stab: Sleeping          |     1 |       ||     1
Armor: Skin              |    30 |    12 ||    42
Dodge: Dodged            |    53 |    52 ||   105

Table legend: (Time is in decaauts)
 A = Elapsed time spent in this place.
 B = Non-inter-level travel time spent in this place.
 C = Inter-level travel time spent in this place.
 D = Time resting spent in this place.
 E = Time spent auto-exploring this place.
 F = Levels seen in this place.
 G = Mean time per level.
                   A        B        C        D        E       F      G
               +--------+--------+--------+--------+--------+-----+--------+
         Total |   2385 |   2338 |     47 |     17 |   1804 |   3 |  795.0 |
       Dungeon |   2385 |   2338 |     47 |     17 |   1804 |   3 |  795.0 |
               +--------+--------+--------+--------+--------+-----+--------+

Top non-repeatable levels by time:
     D:1: 1141 daAuts
     D:2: 1050 daAuts
     D:3: 193 daAuts
